 Dungeon Crawl Stone Soup version 0.30-a0-1035-g38d5fb2972 (webtiles) character file.

Game seed: 5792968558032761815

130 cheesebisquit the Ruffian (level 5, 0/47 HPs)
             Began as a Ghoul Monk on Apr 8, 2023.
             Slain by a gnoll
             ... wielding a +0 whip
              (6 damage)
             ... on level 2 of the Dungeon.
             The game lasted 00:04:35 (1557 turns).

cheesebisquit the Ruffian (Ghoul Monk)              Turns: 1557, Time: 00:04:35

Health: 0/47       AC:  2    Str: 17    XL:     5   Next: 14%
Magic:  4/4        EV: 12    Int:  5    God:
Gold:   45         SH:  0    Dex: 11    Spells: 4/4 levels left

rFire   . . .      SeeInvis .      - Unarmed
rCold   + . .      Faith    .    (no shield)
rNeg    + + +      Spirit   .    a - +0 robe
rPois   ∞          Reflect  .    (no helmet)
rElec   .          Rampage  .    (no cloak)
rCorr   .                        (no gloves)
Will    .....                    (no boots)
Stlth   ++                       (no amulet)
HPRegen 0.00/turn                (no ring)
MPRegen 0.09/turn                (no ring)

@: inhibited regen
A: claws 1, cold resistance 1, negative energy resistance 3, inhibited
regeneration, torment resistance 2, devour on kill
a: no special abilities


You were on level 2 of the Dungeon.
You visited 1 branch of the dungeon, and saw 2 of its levels.

You collected 45 gold pieces.

Inventory:

Armour
 a - a +0 robe (worn)
Scrolls
 d - a scroll of silence {unknown}
 e - a scroll of immolation {unknown}
Potions
 b - a potion of heal wounds {unknown}
 c - a potion of resistance {unknown}


   Skills:
 + Level 4.9 Fighting
 - Level 2.6 Dodging
 - Level 2.1 Stealth
 + Level 5.0 Unarmed Combat


You had 4 spell levels left.
You didn't know any spells.
Your spell library contained the following spells:

 Spells                   Type           Power      Damage    Failure   Level
 Sting                    Tmut/Pois      0%         1d3       47%         1
 Poisonous Vapours        Pois/Air       0%         N/A       63%         2
 Olgreb's Toxic Radiance  Pois           0%         N/A       99%         4


Dungeon Overview and Level Annotations

Branches:
Dungeon (2/15)

Altars:

Shops:
D:1 (

Annotations:
D:2 Sigmund


Innate Abilities, Weirdness & Mutations

You are immune to poison.
You have sharp fingernails.
Your flesh is cold resistant. (rC+)
You are immune to negative energy. (rN+++)
You do not regenerate when monsters are visible.
You are immune to unholy pain and torment.
You thrive by killing the living.


Message History

The gnoll is severely wounded.
You barely miss the gnoll.
The gnoll is severely wounded.
You barely miss the gnoll.
The gnoll is severely wounded.
The gnoll barely misses you. The gnoll misses you.
You claw the gnoll!
You kill the gnoll!
The gnoll completely misses you.
Your Unarmed Combat skill increases to level 5!
You completely miss the gnoll.
The gnoll is severely wounded.
The gnoll barely misses you.
Okay, then.
The gnoll misses you. The gnoll attacks as you move away! The gnoll misses you.
You barely miss the gnoll. The gnoll hits you with a +0 flail.
You scratch the gnoll but do no damage. The gnoll hits you with a +0 flail.
You scratch the gnoll.
The gnoll is moderately wounded.
The gnoll hits you from afar with a +0 spear.
You scratch the gnoll.
The gnoll is almost dead.
The gnoll barely misses you.
You scratch the gnoll but do no damage.
The gnoll is almost dead.
The gnoll barely misses you.
You barely miss the gnoll.
The gnoll is almost dead.
You completely miss the gnoll.
The gnoll is almost dead.
The gnoll closely misses you. The gnoll hits you with a +0 whip.
You closely miss the gnoll.
The gnoll is almost dead.
The gnoll hits you from afar with a +0 spear!
* * * LOW HITPOINT WARNING * * *
The gnoll closely misses you. The gnoll hits you with a +0 whip.
* * * LOW HITPOINT WARNING * * *
The gnoll hits you with a +0 whip.
You die...

#.......# #.####.###
#...###.#####.# #.# #...#
#....##.####.###
.....###....)..........
####......##....##<###.#
#.##.##.....###.# #.#
#######.##.##.....###.###.#
......).##..........#......
#######g.g@##.....#.###....
###g.##.....#.# #.#.#
#..####.###.###.#.# ...#
#.# #.##....# ##(## #.#
#.......# #.# #.# ####...##
#.# ##.## #.# #.# #.#


You could see 3 gnolls.

Vanquished Creatures
  Natasha (thrice) (D:2)
  A gnoll (D:2)
  4 worms (D:2)
  2 ball pythons (D:1)
  4 endoplasms (D:1)
  2 giant cockroaches (D:1)
  4 goblins
  4 hobgoblins
  3 kobolds (D:1)
  A quokka (D:1)
  7 bats
  A frilled lizard (D:1)
  A rat (D:1)
37 creatures vanquished.

Notes
Turn   | Place    | Note
-------+----------+-------------------------------------------
     0 | D:1      | cheesebisquit the Ghoul Monk began the quest for the Orb.
     0 | D:1      | Reached XP level 1. HP: 19/19 MP: 0/0
    47 | D:1      | Found Giavvauz's Antique Weapon Shop.
   125 | D:1      | Reached XP level 2. HP: 26/26 MP: 1/1
   464 | D:1      | Reached XP level 3. HP: 33/33 MP: 2/2
   474 | D:1      | Reached skill level 4 in Unarmed Combat
   745 | D:2      | Found a faded altar of an unknown god.
   748 | D:2      | Noticed Natasha
   756 | D:2      | Killed Natasha
   925 | D:2      | Noticed Natasha
   941 | D:2      | Killed Natasha
   942 | D:2      | Reached XP level 4. HP: 21/41 MP: 3/3
  1103 | D:2      | Noticed Sigmund
  1104 | D:2      | Noticed Natasha
  1121 | D:2      | Killed Natasha
  1326 | D:2      | Reached XP level 5. HP: 32/47 MP: 4/4
  1546 | D:2      | Reached skill level 5 in Unarmed Combat
  1557 | D:2      | Slain by a gnoll

Illustrated notes

Levels and vault maps discovered:
D:1:      sevenhm_arrival_forest_fort_large_2, layout_rooms, serial_shops,
          nicolae_shop_waterfront, st_stairs_12
D:2:      layout_loops_ring, ebering_ecumenical_altar_ruins, minmay_vboxes,
          uniq_sigmund, uniq_terence, uniq_natasha

Skill      XL: |  1  2  3  4  5 |
---------------+----------------+-----
Unarmed Combat | 4 5 |  5.0
Fighting       | 4 |  4.9
Dodging        | |  2.6
Stealth        | |  2.1

Action                     |  1- 3 |  4- 6 || total
---------------------------+-------+-------++-------
  Melee: Unarmed           |    58 |    46 ||   104
         Punch             |       |     1 ||     1
  Throw: Boomerang         |    37 |       ||    37
    Use: Potion            |     1 |       ||     1
   Stab: Sleeping          |     1 |     1 ||     2
 Armour: Robe              |    21 |       ||    21
  Dodge: Dodged            |    54 |    25 ||    79

Table legend: (Time is in decaauts)
 A = Elapsed time spent in this place.
 B = Non-inter-level travel time spent in this place.
 C = Inter-level travel time spent in this place.
 D = Time resting spent in this place.
 E = Time spent auto-exploring this place.
 F = Levels seen in this place.
 G = Mean time per level.
                   A        B        C        D        E       F      G
               +--------+--------+--------+--------+--------+-----+--------+
         Total |   1568 |   1441 |    127 |    237 |    881 |   2 |  784.0 |
       Dungeon |   1568 |   1441 |    127 |    237 |    881 |   2 |  784.0 |
               +--------+--------+--------+--------+--------+-----+--------+

Top non-repeatable levels by time:
     D:1: 940 daAuts
     D:2: 627 daAuts
